 Dungeon Crawl Stone Soup version 0.32-a0-306-gfed3edf829 (webtiles) character file.

Game seed: 2147323745484635755

697 voltaire321 the Magician (level 7, -14/40 HPs)
             Began as a Deep Elf Earth Elementalist on Feb 14, 2024.
             Demolished by an ogre
             ... wielding a +0 giant club
              (25 damage)
             ... on level 5 of the Dungeon.
             The game lasted 00:08:29 (3494 turns).

voltaire321 the Magician (DEEE)                     Turns: 3494, Time: 00:08:30

Health: -14/40     AC:  7    Str:  7    XL:     7   Next: 38%
Magic:  11/16      EV: 14    Int: 20    God:
Gold:   110        SH:  0    Dex: 15    Spells: 9/16 levels left

rFire   . . .        z - +1 dagger (elec)
rCold   + + .        (no shield)
rNeg    . . .        o - +2 robe {rC+}
rPois   .            q - +0 helmet
rElec   .            (no cloak)
rCorr   .            g - +0 pair of gloves
SInv    .            r - +0 pair of boots
Will    .....        (no amulet)
Stlth   ++           n - ring of protection from cold
HPRegen 0.26/turn    (no ring)
MPRegen 0.15/turn

%: no passive effects
@: no status effects
A: no striking features
a: no special abilities


You were on level 5 of the Dungeon.
You visited 1 branch of the dungeon, and saw 5 of its levels.

You collected 175 gold pieces.
You spent 65 gold pieces at shops.

Inventory:

Hand Weapons
 j - a +0 rapier
 z - a +1 dagger of electrocution (weapon)
Armour
 g - a +0 pair of gloves (worn)
 o - a +2 robe of cold resistance (worn)
 q - a +0 helmet (worn)
 r - a +0 pair of boots (worn)
 u - a +2 kite shield
 w - a +1 scale mail of poison resistance
Jewellery
 n - a ring of protection from cold (left hand)
 s - the ring of Ifuegron {rPois Str+2 Stlth+}
   (You found it on level 3 of the Dungeon)

   [ring of poison resistance]

   Str+2:     It affects your strength (+2).
   rPois:     It protects you from poison Stlth+: It makes you more stealthy.
Wands
 y - a wand of flame (12)
Scrolls
 a - 3 scrolls of fear {unknown}
 c - 5 scrolls of teleportation
 d - a scroll of poison {unknown}
 e - 3 scrolls of identify
 f - a scroll of fog {unknown}
 h - 3 scrolls of amnesia {unknown}
 t - 3 scrolls of revelation {unknown}
 x - a scroll of summoning {unknown}
Potions
 b - 3 potions of magic
 i - a potion of curing {unknown}
 k - 2 potions of brilliance {unknown}
 l - a potion of might {unknown}
 m - a potion of degeneration {unknown}
 p - a potion of mutation {unknown}
 v - a potion of enlightenment {unknown}


   Skills:
 + Level 2.4 Fighting
 + Level 2.4 Armour
 + Level 4.5 Dodging
 - Level 2.4 Stealth
 + Level 1.2 Shields
 + Level 5.0 Spellcasting
 + Level 3.5 Conjurations
 + Level 4.6 Earth Magic


You had 9 spell levels left.
You knew the following spells:

 Your Spells              Type           Power      Damage    Failure   Level
a - Sandblast             Erth           46%        2d11      1%          1
b - Passwall              Erth           23%        N/A       4%          3
c - Stone Arrow           Conj/Erth      42%        3d9       6%          3

Your spell library contained the following spells:

 Spells                   Type           Power      Damage    Failure   Level
 Ensorcelled Hibernation  Hex/Ice        10%        N/A       17%         2
 Brom's Barrelling Bould  Conj/Erth      21%        2d4       22%         4
 Fugue of the Fallen      Necr           5%         N/A       34%         3
 Petrify                  Alch/Erth      14%        N/A       41%         4
 Anguish                  Hex/Necr       2%         N/A       75%         4
 Malign Gateway           Summ/Tloc      2%         N/A       100%        7
 Summon Horrible Things   Summ           2%         N/A       100%        8


Dungeon Overview and Level Annotations

Branches:
Dungeon (5/15)
 Temple: D:4-7

Altars:
Ashenzari
Kikubaaqudgha
Okawaru
Sif Muna
Trog
Yredelemnul
Zin

Shops:
D:4 ?


Message History

There is a stone staircase leading up here.
An adder comes into view.
Found 4 darts of dispersal.
The adder hisses angrily.
An ogre comes into view. It is wielding a +0 giant club.
Aiming: Sandblast (safe; 1% risk of failure)
Press: ? - help, Q - select action, (/) - cycle Shift-Dir - straight line, f - adder
Aim: an adder (72% to hit)
The blast of sand hits the adder.
The adder is heavily wounded.
Aiming: Sandblast (safe; 1% risk of failure)
Press: ? - help, Q - select action, (/) - cycle Shift-Dir - straight line, f/p - adder
Aim: an adder (heavily wounded, 72% to hit)
The blast of sand hits the adder!
You kill the adder!
Aiming: Sandblast (safe; 1% risk of failure)
Press: ? - help, Q - select action, (/) - cycle Shift-Dir - straight line, f - ogre
Aim: an ogre, wielding a +0 giant club (92% to hit)
The blast of sand misses the ogre.
Aiming: Sandblast (safe; 1% risk of failure)
Press: ? - help, Q - select action, (/) - cycle Shift-Dir - straight line, f/p - ogre
Aim: an ogre, wielding a +0 giant club (92% to hit)
The blast of sand hits the ogre.
The ogre is lightly wounded.
Aiming: Sandblast (safe; 1% risk of failure)
Press: ? - help, Q - select action, (/) - cycle Shift-Dir - straight line, f/p - ogre
Aim: an ogre, wielding a +0 giant club (lightly wounded, 92% to hit)
The blast of sand hits the ogre.
The ogre is lightly wounded.
The ogre hits you with a +0 giant club!!
Ouch! That really hurt!
* * * LOW HITPOINT WARNING * * *
Aiming: Sandblast (safe; 1% risk of failure)
Press: ? - help, Q - select action, (/) - cycle Shift-Dir - straight line, f/p - ogre
Aim: an ogre, wielding a +0 giant club (lightly wounded, 92% to hit)
The blast of sand hits the ogre!
The ogre is severely wounded.
The ogre hits you with a +0 giant club!!
Ouch! That really hurt!
You die...

#.###.#<#
#.##..#.#
#.##.##.#
#.##.##.#
#.......#
####.####
# #.# ...
#.###.....
#.@O......
####......
..(.. ....
... ##


You could see an ogre.

Vanquished Creatures
  Sigmund (D:2)
  A phantom (D:4)
  Blork the orc (D:4)
  A bombardier beetle (D:3)
  A hound (D:4)
  3 jellies
  2 iguanas
  3 adders
  A ribbon worm (D:3)
  A dart slug (D:4)
  10 orcs
  6 bats
  14 endoplasms
  2 giant cockroaches
  4 goblins
  3 hobgoblins
  2 jackals (D:3)
  17 kobolds
  4 quokkas
  4 ball pythons
  4 frilled lizards
  10 rats
95 creatures vanquished.

Notes
Turn   | Place    | Note
-------+----------+-------------------------------------------
     0 | D:1      | voltaire321 the Deep Elf Earth Elementalist began the quest
                  | for the Orb.
     0 | D:1      | Reached XP level 1. HP: 10/10 MP: 6/6
    98 | D:1      | Reached XP level 2. HP: 15/15 MP: 6/8
   658 | D:1      | Reached XP level 3. HP: 20/20 MP: 7/9
   858 | D:2      | Learned a level 3 spell: Passwall
   862 | D:2      | Learned a level 3 spell: Stone Arrow
   878 | D:2      | Found a faded altar of an unknown god.
   910 | D:2      | Reached skill level 1 in Armour
  1034 | D:2      | Reached skill level 1 in Fighting
  1112 | D:2      | Reached XP level 4. HP: 25/25 MP: 9/11
  1139 | D:2      | Noticed Sigmund
  1149 | D:2      | Killed Sigmund
  1150 | D:2      | Reached skill level 4 in Spellcasting
  1150 | D:2      | Reached XP level 5. HP: 29/29 MP: 7/13
  1526 | D:3      | Reached XP level 6. HP: 35/35 MP: 9/14
  1937 | D:3      | Identified the ring of Ifuegron {rPois Str+2 Stlth+}
  2064 | D:3      | Found an ancient bone altar of Kikubaaqudgha.
  2064 | D:3      | Found a bloodstained altar of Trog.
  2064 | D:3      | Found an iron altar of Okawaru.
  2064 | D:3      | Found a glowing silver altar of Zin.
  2064 | D:3      | Found a bloodstained altar of Trog.
  2064 | D:3      | Found a broken altar of Ashenzari.
  2591 | D:4      | Found Eladeune's Magic Scroll Shop.
  2596 | D:4      | Bought a scroll of teleportation for 39 gold pieces
  2596 | D:4      | Bought a scroll of identify for 26 gold pieces
  2827 | D:4      | Reached skill level 1 in Shields
  2827 | D:4      | Reached XP level 7. HP: 34/40 MP: 8/16
  3070 | D:4      | Noticed Blork the orc
  3079 | D:4      | Killed Blork the orc
  3080 | D:4      | Reached skill level 5 in Spellcasting
  3115 | D:4      | Found a shimmering blue altar of Sif Muna.
  3163 | D:4      | Found a basalt altar of Yredelemnul.
  3451 | D:5      | Entered Level 5 of the Dungeon
  3494 | D:5      | Demolished by an ogre

Illustrated notes

Levels and vault maps discovered:
D:1:      scummos_arrival_hexagon, layout_loops_cross
D:2:      minmay_spotlight, layout_rooms, basic_ecumenical_altar,
          chequers_serial_rivers_large_b, dreamdust_wishing_well, uniq_sigmund
D:3:      cheibrodos_fertilizer, layout_basic
D:4:      layout_loops_ring, tgw_sif, mainiacjoe_overflow_alcove_4,
          serial_shops, nicolae_shop_hallway_plus
D:5:      layout_loops_cross, mainiacjoe_overflow_alcove_1, minitemple,
          minmay_manual_mares, uniq_menkaure, uniq_blork_the_orc, uniq_pikel

Skill      XL: |  1  2  3  4  5  6  7 |
---------------+----------------------+-----
Armour         | 1 2 |  2.4
Dodging        | 3 4 |  4.5
Fighting       | 1 2 |  2.4
Spellcasting   | 4 5 |  5.0
Conjurations   | 2 3 |  3.5
Earth Magic    | 4 |  4.6
Shields        | 1 |  1.2
Stealth        | |  2.4

Action                     |  1- 3 |  4- 6 |  7- 9 || total
---------------------------+-------+-------+-------++-------
  Melee: Rapier            |       |     3 |       ||     3
         Dagger            |       |       |     3 ||     3
   Cast: Sandblast         |    40 |    92 |    18 ||   150
 Armour: Robe              |     5 |    16 |     7 ||    28
  Dodge: Dodged            |     3 |    27 |     2 ||    32

Table legend: (Time is in decaauts)
 A = Elapsed time spent in this place.
 B = Non-inter-level travel time spent in this place.
 C = Inter-level travel time spent in this place.
 D = Time resting spent in this place.
 E = Time spent auto-exploring this place.
 F = Levels seen in this place.
 G = Mean time per level.
                   A        B        C        D        E       F      G
               +--------+--------+--------+--------+--------+-----+--------+
         Total |   3594 |   3496 |     98 |    238 |   2466 |   5 |  718.8 |
       Dungeon |   3594 |   3496 |     98 |    238 |   2466 |   5 |  718.8 |
               +--------+--------+--------+--------+--------+-----+--------+

Top non-repeatable levels by time:
     D:4: 1178 daAuts
     D:3: 968 daAuts
     D:1: 764 daAuts
     D:2: 638 daAuts
     D:5: 45 daAuts
